 Seeded DCSS version 0.27-a0-637-g3a9f0a9c12 (webtiles) character file.

Game seed: 314159265359 (custom seed)

162 Snicker the Sneak (level 5, -7/38 HPs)
             Began as a Demonspawn Brigand on Mar 15, 2021.
             Mangled by Crazy Yiuf
             ... wielding a +4 quarterstaff of chaos
              (10 damage)
             ... on level 2 of the Dungeon.
             The game lasted 00:04:14 (2362 turns).

Snicker the Sneak (Demonspawn Brigand)              Turns: 2362, Time: 00:04:15

Health: -7/38      AC:  4    Str: 11    XL:     5   Next: 19%
Magic:  5/5        EV: 12    Int: 12    God:
Gold:   70         SH:  0    Dex: 16    Spells: 4/4 levels left

rFire    . . .     SeeInvis .   a - +2 dagger
rCold    . . .     Faith    .   (no shield)
rNeg     . . .     Spirit   .   b - +0 robe
rPois    .         Reflect  .   (no helmet)
rElec    .         Harm     .   c - +0 cloak
rCorr    .         Rampage  .   p - +0 pair of gloves
Will     .....                  (no boots)
Stlth    +++.......             (no amulet)
HPRegen  0.12/turn              h - +4 ring of slaying
MPRegen  0.09/turn              (no ring)

@: no status effects
A: foul stench 1, powered by death 1
a: no special abilities


You were on level 2 of the Dungeon.
You visited 1 branch of the dungeon, and saw 2 of its levels.

You collected 70 gold pieces.

Inventory:

Hand Weapons
 a - a +2 dagger (weapon)
Missiles
 d - 8 poisoned darts
 e - 2 curare-tipped darts (quivered)
Armour
 b - a +0 robe (worn)
 c - a +0 cloak (worn)
 p - a +0 pair of gloves (worn)
Jewellery
 h - a +4 ring of slaying (right hand)
Wands
 s - a wand of flame (15)
Scrolls
 f - a scroll of blinking {unknown}
 g - 2 scrolls of magic mapping {unknown}
 i - a scroll of immolation {unknown}
 k - 2 scrolls of enchant armour {unknown}
 l - a scroll of fear {unknown}
 m - a scroll of identify {unknown}
 o - a scroll of teleportation {unknown}
 r - a scroll of noise {unknown}
Potions
 j - a potion of invisibility {unknown}
 n - 2 potions of curing {unknown}
 q - a potion of flight {unknown}
 t - a potion of berserk rage {unknown}
 u - a potion of ambrosia {unknown}


   Skills:
 + Level 2.2 Fighting
 * Level 3.2 Short Blades
 + Level 1.9 Throwing
 + Level 1.6 Dodging
 * Level 5.1 Stealth


You had 4 spell levels left.
You didn't know any spells.
Your spell library was empty.

Dungeon Overview and Level Annotations

Branches:
Dungeon (2/15)

Altars:
Fedhas
Nemelex Xobeh

Annotations:
D:2 Crazy Yiuf


Innate Abilities, Weirdness & Mutations

You may rarely emit foul miasma when damaged in melee.
You regenerate a little health from kills.


Message History

No target in view!
No target in view!
No target in view!
A rat comes into view.
A rat is nearby!
A rat is nearby!
The helpless rat fails to defend itself.
You impale the rat!!
You kill the rat!
Found a stone staircase leading up.
Found a stone staircase leading down.
Could not explore, unopened runed door.
Could not explore, unopened runed door.
You open the door.
Throw: 2 darts (curare)
Press: ? - help, Q - select action, (/) - cycle Shift-Dir - straight line, f - Crazy Yiuf
Aim: Crazy Yiuf, wielding a +4 quarterstaff of chaos and wearing a +2 cloak of stealth (wandering, hasn't noticed you, 69% to hit)
You throw a curare-tipped dart.
The curare-tipped dart completely misses Crazy Yiuf.
Crazy Yiuf shouts!
Crazy Yiuf hits you but does no damage.
Throw: dart (curare)
Press: ? - help, Q - select action, (/) - cycle Shift-Dir - straight line, f/p - Crazy Yiuf
Aim: Crazy Yiuf, wielding a +4 quarterstaff of chaos and wearing a +2 cloak of stealth (69% to hit)
You throw a curare-tipped dart.
The curare-tipped dart barely misses Crazy Yiuf.
Crazy Yiuf hits you with a +4 quarterstaff of chaos.
Crazy Yiuf freezes you.
Unknown command.
Crazy Yiuf hits you with a +4 quarterstaff of chaos.
You are electrocuted!
Crazy Yiuf hits you with a +4 quarterstaff of chaos!
* * * LOW HITPOINT WARNING * * *
Crazy Yiuf freezes you.
* * * LOW HITPOINT WARNING * * *
There is an open translucent door here.
You see here 2 curare-tipped darts.
e - 2 curare-tipped darts Crazy Yiuf hits you with a +4 quarterstaff of chaos!
You die...

#...........................
#....................##....[
#....................#......
#....#################.#####
#....# #.# #....# ########.#
###### #### ###.#..#.#.#
#...##..#.......#
#...@g####......# #)..###
##.#..## #### ######


You could see Crazy Yiuf.

Vanquished Creatures
  Jessica (D:2)
  A worker ant (D:2)
  Natasha (twice) (D:2)
  2 adders (D:2)
  An ooze (D:2)
  A leopard gecko (D:2)
  A ball python (D:1)
  5 bats
  A giant cockroach (D:2)
  9 hobgoblins
  3 jackals (D:1)
  A quokka (D:2)
  2 frilled lizards (D:2)
  2 goblins (D:2)
  A kobold (D:1)
  6 rats
39 creatures vanquished.

Notes
Turn   | Place    | Note
-------+----------+-------------------------------------------
     0 | D:1      | Snicker the Demonspawn Brigand began the quest for the Orb.
     0 | D:1      | Reached XP level 1. HP: 16/16 MP: 1/1
   322 | D:1      | Gained mutation: You regenerate a little health from kills.
                  | [demonic ancestry]
   322 | D:1      | Reached XP level 2. HP: 22/22 MP: 2/2
   653 | D:1      | Reached skill level 4 in Stealth
   754 | D:1      | Found a sparkling altar of Nemelex Xobeh.
  1056 | D:2      | Found a blossoming altar of Fedhas.
  1472 | D:2      | Reached skill level 1 in Dodging
  1496 | D:2      | Gained mutation: You may rarely emit foul miasma when
                  | damaged in melee. [demonic ancestry]
  1496 | D:2      | Reached XP level 3. HP: 27/27 MP: 3/3
  1720 | D:2      | Noticed Natasha
  1728 | D:2      | Killed Natasha
  1881 | D:2      | Reached XP level 4. HP: 33/33 MP: 4/4
  1885 | D:2      | Noticed Jessica
  1889 | D:2      | Killed Jessica
  1949 | D:2      | Found a runed translucent door.
  1950 | D:2      | Noticed Crazy Yiuf
  2031 | D:2      | Noticed Natasha
  2041 | D:2      | Killed Natasha
  2042 | D:2      | Reached skill level 5 in Stealth
  2042 | D:2      | Reached XP level 5. HP: 29/38 MP: 5/5
  2362 | D:2      | Mangled by Crazy Yiuf

Illustrated notes

Levels and vault maps discovered:
D:1:      evilmike_arrival_fibonacci_small, layout_basic,
          nemelex_diamond_rough_becter
D:2:      layout_basic, fedhas_ov_isle_minmay, uniq_jessica, uniq_natasha,
          uniq_crazy_yiuf_cottage

Skill      XL: |  1  2  3  4 |
---------------+-------------+-----
Short Blades   | 2 3 |  3.2
Stealth        | 4 5 |  5.1
Dodging        | 1 |  1.6
Fighting       | |  2.2
Throwing       | |  1.9

Action                   |  1- 3 |  4- 6 || total
-------------------------+-------+-------++-------
Melee: Dagger            |    63 |    30 ||    93
Throw: Dart              |       |     3 ||     3
 Stab: Sleeping          |     2 |     4 ||     6
Armor: Robe              |    22 |     9 ||    31
Dodge: Dodged            |    36 |    18 ||    54

Table legend: (Time is in decaauts)
 A = Elapsed time spent in this place.
 B = Non-inter-level travel time spent in this place.
 C = Inter-level travel time spent in this place.
 D = Time resting spent in this place.
 E = Time spent auto-exploring this place.
 F = Levels seen in this place.
 G = Mean time per level.
                   A        B        C        D        E       F      G
               +--------+--------+--------+--------+--------+-----+--------+
         Total |   2359 |   2317 |     42 |    586 |   1359 |   2 | 1179.5 |
       Dungeon |   2359 |   2317 |     42 |    586 |   1359 |   2 | 1179.5 |
               +--------+--------+--------+--------+--------+-----+--------+

Top non-repeatable levels by time:
     D:2: 1365 daAuts
     D:1: 994 daAuts
